 Dungeon Crawl Stone Soup version 0.31.0-12-g77e489cdc1 (webtiles) character file.

Game seed: 5486255364493521783

669230 ChadusMaximus the Conqueror (level 27, -19/218 (224) HPs)
             Began as a Barachi Summoner on Mar 4, 2024.
             Was the Champion of Hepliaklqana.
             Killed from afar by a living spell (36 damage)
             ... with a crystal spear
             ... summoned by a walking crystal tome
             ... on level 7 of the Abyss.
             The game lasted 04:43:27 (88427 turns).

ChadusMaximus the Conqueror (Barachi Summoner)     Turns: 88427, Time: 04:43:28

HP:   -19/218 (224) AC: 20    Str: 25      XL:     27
MP:   60/72         EV: 21    Int: 31 (33) God:    Hepliaklqana [******]
Gold: 5259          SH: 28    Dex: 16      Spells: 24/80 levels left

rFire   + + +        W - +2 trident of Honour {spect, rPois MP+9}
rCold   . . .        A - +6 tower shield {rN+}
rNeg    + . .        h - +1 leather armour {rF+}
rPois   +            o - +2 helmet
rElec   +            Z - +4 dragonskin cloak
rCorr   +            B - +0 pair of gloves of Ubluewka {rElec rPois Str+3 Stlth+}
SInv    .            g - +0 pair of boots of the Moon {Will+ Regen+ Str+2 Slay+2}
Will    +++..        p - amulet of magic regeneration
Stlth   +++          x - ring "Dadis" {rF+ MP+9 Str+6 Int+3}
HPRegen 1.36/turn    L - ring of Suqah {*Slow rF+ rCorr Str+4 Int+4}
MPRegen 0.83/turn

%: slow self (1%), clarity
@: on dragon call cooldown, lightly drained, slow
A: reduced essence, amphibious, slowness 1, strong legs 2, +LOS, clarity,
mutation resistance 1, persistent drain, inability to read after injury 1[+1]
}: 4/15 runes: barnacled, slimy, silver, gossamer
a: Hop, Renounce Religion, Recall Ancestor, Ancestor Identity, Transference,
Idealise


You were on level 7 of the Abyss.
You worshipped Hepliaklqana.
Hepliaklqana was exalted by your worship.
You visited 11 branches of the dungeon, and saw 53 of its levels.
You visited the Abyss 5 times.
You also visited: Ice Cave and Desolation.

You collected 8229 gold pieces.
You spent 2970 gold pieces at shops.

Inventory:

Hand Weapons
 W - the +2 trident of Honour (weapon) {spect, rPois MP+9}
   (You found it on level 12 of the Dungeon)

   rPois:     It protects you from poison MP+9: It affects your magic capacity
   (+9).
Armour
 g - the +0 pair of boots of the Moon (worn) {Will+ Regen+ Str+2 Slay+2}
   (You found it on level 6 of the Dungeon)

   Str+2:     It affects your strength (+2).
   Slay+2:    It affects your accuracy & damage with ranged weapons and melee
   (+2).
   Will+:     It increases your willpower.
   Regen+:    It increases your rate of health regeneration.
 h - a +1 leather armour of fire resistance (worn)
 l - +7 gold dragon scales
 o - a +2 helmet (worn)
 A - a +6 tower shield of positive energy (worn)
 B - the +0 pair of gloves of Ubluewka (worn) {rElec rPois Str+3 Stlth+}
   (You found it in an ice cave)

   Str+3:     It affects your strength (+3).
   rElec:     It insulates you from electricity.
   rPois:     It protects you from poison Stlth+: It makes you more stealthy.
 K - the +6 chain mail of Taytuss {+Blink rF++ Dex-3}
   (You found it in the Desolation of Salt)

   Dex-3:     It affects your dexterity (-3).
   rF++:      It greatly protects you from fire.
   +Blink:    It lets you blink.
 Z - the +4 dragonskin cloak (worn)
   (You took it off Tiamat on level 2 of the Realm of Zot)

   Avatar's Aegis: It grants the wearer a chance to resist fire, cold, poison,
   electricity, acid, and negative energy.
Jewellery
 j - a ring of protection from fire
 p - an amulet of magic regeneration (around neck)
 r - a +4 ring of protection
 s - the amulet "Nagaggoix" {Reflect rN+ Will+ Dex+6 SH+5}
   (You found it in the Desolation of Salt)

   [amulet of reflection]

   Reflect:   It reflects blocked missile attacks.
   Dex+6:     It affects your dexterity (+6).
   rN+:       It protects you from negative energy.
   Will+:     It increases your willpower.
   SH+5:      It affects your SH (+5).
 w - a ring of willpower
 x - the ring "Dadis" (left hand) {rF+ MP+9 Str+6 Int+3}
   (You found it on level 1 of the Realm of Zot)

   [ring of strength]

   Str+6:     It affects your strength (+6).
   Int+3:     It affects your intelligence (+3).
   rF+:       It protects you from fire.
   MP+9:      It affects your magic capacity (+9).
 y - a ring of magical power
 I - a ring of magical power
 L - the ring of Suqah (right hand) {*Slow rF+ rCorr Str+4 Int+4}
   (You found it in the Desolation of Salt)

   [ring of resist corrosion]

   Str+4:     It affects your strength (+4).
   Int+4:     It affects your intelligence (+4).
   rF+:       It protects you from fire.
   rCorr:     It protects you from acid and corrosion.
   *Slow:     It may slow you when you take damage.
 X - a ring of poison resistance
Wands
 m - a wand of polymorph (8)
 u - a wand of charming (7)
 O - a wand of mindburst (19)
 S - a wand of digging (28)
 V - a wand of quicksilver (37)
Scrolls
 a - 8 scrolls of vulnerability
 b - 3 scrolls of poison
 e - a scroll of revelation
 f - 7 scrolls of fog
 k - 5 scrolls of teleportation
 n - 2 scrolls of silence
 t - 2 scrolls of summoning
 C - 7 scrolls of fear
 D - 11 scrolls of immolation
 E - 4 scrolls of torment
 F - 4 scrolls of amnesia
 J - 11 scrolls of enchant weapon
 P - 6 scrolls of noise
Potions
 d - 8 potions of brilliance
 i - 9 potions of might
 q - a potion of magic
 v - 6 potions of lignification
 z - 9 potions of haste
 G - 2 potions of invisibility
 H - 11 potions of attraction
 M - 8 potions of enlightenment
 N - 9 potions of cancellation
 Q - 5 potions of resistance
 T - 2 potions of berserk rage
 U - 6 potions of mutation


   Skills:
 O Level 27 Fighting
 * Level 21.3 Armour
 - Level 18.2 Dodging
 - Level 1.7 Stealth
 - Level 19.9 Shields
 O Level 27 Spellcasting
 O Level 27 Summonings
 - Level 14.3 Invocations


You had 24 spell levels left.
You knew the following spells:

 Your Spells              Type           Power      Damage    Failure   Level
b - Call Canine Familiar  Summ           100%       N/A       0%          3
c - Call Imp              Summ           100%       N/A       0%          2
d - Summon Lightning Spi  Summ/Air       90%        N/A       1%          4
e - Martyr's Knell        Necr/Summ      90%        N/A       1%          4
f - Summon Blazeheart Go  Fire/Summ      90%        N/A       1%          4
g - Summon Ice Beast      Ice/Summ       90%        N/A       0%          3
h - Monstrous Menagerie   Summ           59%        N/A       0%          7
i - Summon Horrible Thin  Summ           59%        N/A       1%          8
j - Summon Mana Viper     Hex/Summ       90%        N/A       1%          5
k - Dragon's Call         Summ           59%        N/A       1%          9
l - Malign Gateway        Summ/Tloc      45%        N/A       3%          7

Your spell library contained the following spells:

 Spells                   Type           Power      Damage    Failure   Level
 Summon Small Mammal      Summ           100%       N/A       0%          1
 Apportation              Tloc           82%        N/A       1%          1
 Freeze                   Ice            100%       1d10      1%          1
 Kiss of Death            Conj/Necr      100%       2d13      1%          1
 Magic Dart               Conj           100%       1d8       1%          1
 Necrotise                Necr           100%       1d9       1%          1
 Slow                     Hex            100%       N/A       1%          1
 Sting                    Conj/Alch      100%       1d9       1%          1
 Cigotuvi's Dreadful Rot  Necr/Alch/Air  82%        N/A       1%          2
 Ensorcelled Hibernation  Hex/Ice        82%        N/A       1%          2
 Mercury Vapours          Alch/Air       82%        N/A       1%          2
 Scorch                   Fire           82%        2d8       1%          2
 Searing Ray              Conj           82%        2d7       1%          2
 Sublimation of Blood     Necr           41%        N/A       1%          2
 Animate Armour           Summ/Erth      100%       N/A       1%          4
 Confusing Touch          Hex            41%        N/A       3%          3
 Dazzling Flash           Conj/Hex       82%        N/A       3%          3
 Frozen Ramparts          Ice            82%        1d13      3%          3
 Hailstorm                Conj/Ice       41%        3d9       3%          3
 Inner Flame              Hex/Fire       41%        N/A       3%          3
 Mephitic Cloud           Conj/Alch/Air  41%        N/A       3%          3
 Ozocubu's Armour         Ice            41%        N/A       3%          3
 Passwall                 Erth           41%        N/A       3%          3
 Sigil of Binding         Hex            41%        N/A       3%          3
 Stone Arrow              Conj/Erth      82%        3d12      3%          3
 Tukima's Dance           Hex            41%        N/A       3%          3
 Vampiric Draining        Necr           41%        2d8       3%          3
 Volatile Blastmotes      Fire/Tloc      82%        2d16      3%          3
 Haunt                    Necr/Summ      45%        N/A       3%          7
 Spellforged Servitor     Conj/Summ      45%        N/A       3%          7
 Animate Dead             Necr           41%        N/A       10%         4
 Brom's Barrelling Bould  Conj/Erth      41%        2d6       10%         4
 Cause Fear               Hex            20%        N/A       10%         4
 Dimensional Bullseye     Hex/Tloc       20%        N/A       10%         4
 Dispel Undead            Necr           41%        3d16      10%         4
 Fulminant Prism          Conj/Alch      20%        3d12      10%         4
 Ignite Poison            Fire/Alch      41%        N/A       10%         4
 Iskenderun's Mystic Bla  Conj/Tloc      41%        2d9       10%         4
 Leda's Liquefaction      Alch/Erth      20%        N/A       10%         4
 Olgreb's Toxic Radiance  Alch           41%        N/A       10%         4
 Petrify                  Alch/Erth      41%        N/A       10%         4
 Sticky Flame             Fire/Alch      41%        2d8       10%         4
 Vhi's Electric Charge    Tloc/Air       82%        N/A       10%         4
 Arcjolt                  Conj/Air       20%        1d30      28%         5
 Curse of Agony           Necr           41%        N/A       28%         5
 Fireball                 Conj/Fire      20%        3d10      28%         5
 Freezing Cloud           Conj/Ice/Air   20%        6-21      28%         5
 Irradiate                Conj/Alch      20%        3d18      28%         5
 Iskenderun's Battlesphe  Conj           41%        2d9       28%         5
 Metabolic Englaciation   Hex/Ice        20%        N/A       28%         5
 Yara's Violent Unravell  Hex/Alch       20%        3d9       28%         5
 Bombard                  Conj/Erth      20%        9d4       83%         6
 Conjure Ball Lightning   Conj/Air       20%        3x3d6     83%         6
 Death Channel            Necr           20%        N/A       83%         6
 Plasma Beam              Fire/Air       20%        2x1d32    83%         6
 Sculpt Simulacrum        Ice/Alch       20%        N/A       83%         6
 Starburst                Conj/Fire      20%        6d7       83%         6
 Enfeeble                 Hex            20%        N/A       100%        7
 Orb of Destruction       Conj           20%        9d8       100%        7
 Borgnjor's Revivificati  Necr           20%        N/A       100%        8
 Ignition                 Fire           20%        3d7       100%        8
 Lehudib's Crystal Spear  Conj/Erth      20%        10d6      100%        8
 Maxwell's Capacitive Co  Air            20%        ∞         100%        8
 Death's Door             Necr           20%        N/A       100%        9


Dungeon Overview and Level Annotations

Branches:
Dungeon (15/15)            Temple (1/1) D:6            Lair (5/5) D:9
 Shoals (4/4) Lair:3       Spider (4/4) Lair:3        Slime (5/5) Lair:5
    Orc (2/2) D:9             Elf (3/3) Orc:2        Vaults (5/5) D:13
  Crypt (0/3) Vaults:2     Depths (4/4) D:15            Zot (5/5) Depths:4
  IceCv (visited)         Desolation (visited)

Altars:
Ashenzari
Cheibriados
Dithmenos
Elyvilon
Fedhas
Gozag
Hepliaklqana
Kikubaaqudgha
Makhleb
Nemelex Xobeh
Okawaru
Qazlal
Ru
Sif Muna
Trog
Uskayaw
Vehumet
Wu Jian
Xom
Yredelemnul
Zin
The Shining One
Jiyva
Lugonu

Shops:
Orc:2 :!!(?   Vaults:1 ?   Vaults:4 [   Depths:4 [

Portals:
Hell: Depths:1 Depths:2 Depths:3 Depths:4
Abyss: Lair:5 Depths:1 Depths:3
Pandemonium: Depths:2
Ziggurat: Depths:2
Trove: Depths:2 (give 12 potions of heal wounds)

Annotations:
D:7 2 transporters
D:9 exclusion: orange crystal statue
Lair:4 3 runed translucent doors, Odimp's ghost, journeyman KoWn


Innate Abilities, Weirdness & Mutations

Your life essence is reduced to manifest your ancestor. (-10% HP)
You are amphibious.
You cover ground slowly.
You can hop long distances.
You have an extended range of vision and can be seen from far away.
You possess an exceptional clarity of mind.
You are somewhat resistant to further mutation.
Your health recovers twice as slowly from being drained.
[You sometimes lose the ability to read scrolls when taking damage.]


Message History

You hear a roar!
A starcursed mass splits.
A bone dragon comes into view.
You block the thrashing horror's attack. x2
A starcursed mass splits.
Tentacles burst from the starspawn's body!
The laughing skull cackles spitefully.
The bolt of negative energy misses you.
A deafening chorus of shrieks assaults your mind!
* * * LOW HITPOINT WARNING * * *
The laughing skull gives a hideous shriek! 2 starspawn tentacles come into view.
Unknown command.
The laughing skull gives a hideous shriek!
You hear a bark!
You block the thrashing horror's attack. x4
A starcursed mass splits.
The walking crystal tome erupts in a flurry of living spells!
A starcursed mass splits.
The thrashing horror completely misses you.
The thrashing horror tramples you.
* * * LOW HITPOINT WARNING * * *
You stumble backwards!
Unknown command.
Casting: Summon Horrible Things (mildly dangerous; 1% risk of failure)
Confirm with . or Enter, or press ? or * to list all spells.
You don't know that spell.
The thrashing horror attacks as it pursues you!
The thrashing horror tramples you but does no damage.
You block the thrashing horror's attack.
The thrashing horror attacks as it pursues you!
You block the thrashing horror's attack. x3
The thrashing horror misses you. x2
The thrashing horror completely misses you.
A starcursed mass splits.
The wretched star pulses with an eldritch light!
You lose the ability to read scrolls when taking damage more often.
The living spell casts itself at you. The crystal spear hits you!!!
You die...

.# .# #. .. .## #§x.##
#.##############x...########
..XX.*...X.@X......w§2.XX...
....#...zzXX....§./2.§.X. .
##...#..XX**./X..vx .X.X
#..z.z..3..──.3.§.......
...D.z...X.X..vx.3.§.§.
...X......##X..;..##e e...#
.........h##XX..**##.....x#
....#.......................
...###...#.h............. ..


You could see a bone dragon, 6 starcursed masses, a walking crystal tome, a
tentacled starspawn, a spatial maelstrom, a green death, a wretched star, an
ancient zyme, 6 thrashing horrors, a large abomination, a worldbinder, a raiju,
2 neqoxecs, 5 laughing skulls, a starspawn tentacle (distracted) and 4 living
crystal spells.

Vanquished Creatures
  A lich (Abyss:1)
  2 death cobs
  A tentacled starspawn (Abyss:5)
  A vault warden (Vaults:2)
  An ironbound preserver (Vaults:5)
  A stone giant (Vaults:5)
  A formless jellyfish (Vaults:4)
  A starflower (Abyss:4)
  A green draconian (Zot:5)
  A deep elf annihilator (Elf:3)
  A spark wasp (Depths:3)
  A dire elephant (Vaults:1)
  A yaktaur captain (Vaults:2)
  A vault guard (Vaults:5)
  2 great orbs of eyes (Vaults:3)
  A sphinx zombie (Depths:1)
  3 centaur warriors
  A dancing weapon (Elf:2)
  2 thrashing horrors
  A deep elf knight (Elf:2)
  A flayed ghost (Depths:3)
  A sea snake (Shoals:3)
  2 harpies (Vaults:2)
  A deep elf pyromancer (Elf:3)
  An apocalypse crab (Abyss:1)
  2 moths of wrath
  A water nymph (Shoals:4)
  An orange demon (Abyss:3)
  A smoke demon (Abyss:1)
  A large abomination (Abyss:3)
  A komodo dragon (D:10)
  3 yaktaurs
  2 ancient zymes
  A blink frog (Lair:3)
  2 raiju
  4 slime creatures
  A culicivora (Spider:2)
  A jumping spider (Spider:4)
  A wyvern (D:11)
  7 yaks
  2 golden eyes (Abyss:3)
  7 redbacks
  A vampire mosquito (D:15)
  A laughing skull (Abyss:3)
  2 small abominations (Abyss:1)
  A brain worm (Abyss:1)
  2 bullfrogs
  An earth elemental (Elf:2)
  An electric eel (Spider:1)
  A howler monkey (D:12)
  2 nameless horrors
  Robin (D:2)
  An adder (D:5)
  A gnoll (D:4)
  A shadow imp (D:6)
  A white imp (D:6)
  4 dart slugs
  A ribbon worm (D:2)
  3 orcs
  2 endoplasms (D:3)
  4 giant cockroaches
  7 goblins
  5 hobgoblins
  A quokka (D:2)
  3 ball pythons
  4 bats
  5 frilled lizards
  3 kobolds
  7 rats
  A lurking horror (Abyss:3)
  A starspawn tentacle (Abyss:2)
137 creatures vanquished.

Vanquished Creatures (collateral kills)
  the Royal Jelly (Slime:5)
  Tiamat (Zot:2)
  4 dread liches
  3 orbs of fire (Zot:5)
  Frederick (Vaults:3)
  3 ancient liches
  A juggernaut (Depths:1)
  Boris (Vaults:5)
  Parghit (Zot:3)
  10 Killer Klowns (Zot:5)
  The ghost of Heoriaro the Bludgeoner, a legendary GnFi of Cheibriados (Zot:1)
  7 caustic shrikes
  Bai Suzhen (Vaults:3)
  Margery (Depths:3)
  Saint Roka (Vaults:3)
  Nikola (Spider:1)
  5 curse toes
  8 golden dragons
  Arachne (Spider:4)
  7 bone dragons
  3 electric golems
  24 tentacled monstrosities
  Rupert (Orc:2)
  2 walking crystal tomes (Depths:3)
  A hellephant (Depths:3)
  11 liches
  2 walking earthen tomes (Depths:3)
  3 deep elf blademasters
  Jorgrun (Spider:1)
  2 walking divine tomes (Depths:3)
  25 Orb Guardians (Zot:5)
  5 eldritch tentacles
  6 titans
  9 quicksilver dragons
  9 sphinxes
  23 acid blobs
  19 tentacled starspawn
  8 death cobs
  A deep elf master archer (Elf:3)
  Kirke (D:14)
  Agnes (Elf:1)
  7 shadow dragons
  16 storm dragons
  10 tengu reavers
  Aizul (Shoals:1)
  Donald (Orc:2)
  6 azure jellies
  16 fire giants
  6 rockslimes (Slime:5)
  An iron dragon (Vaults:5)
  Louise (Spider:4)
  8 draconian knights
  7 deep elf sorcerers
  7 draconian monks
  4 imperial myrmidons (Desolation)
  8 draconian scorchers
  6 emperor scorpions (Spider:4)
  13 frost giants
  6 ghost moths
  A daeva (Abyss:4)
  A balrug (Depths:4)
  12 vault wardens
  A caustic shrike zombie (Depths:1)
  5 draconian shifters
  7 draconian stormcallers
  4 orc warlords
  An angel (Abyss:3)
  2 cacodemons
  7 ironbound preservers
  12 quicksilver oozes
  A spriggan defender (Depths:1)
  2 broodmothers
  5 draconian annihilators
  4 vampire knights
  5 formless jellyfish
  2 starflowers
  8 ironbound thunderhulks
  12 black draconians
  11 stone giants
  7 deep elf demonologists
  7 green draconians
  Nessos (Lair:5)
  A lorocyproca (Abyss:3)
  24 very ugly things
  14 yellow draconians
  3 war gargoyles
  4 deep elf death magi
  7 dire elephants
  12 purple draconians
  12 red draconians
  9 deep elf annihilators
  3 crystal guardians
  9 spark wasps
  18 white draconians
  2 bunyips
  Snorg (D:14)
  10 ettins
  Azrael (D:14)
  A green death (Abyss:6)
  8 fire dragons
  8 yaktaur captains
  7 merfolk impalers
  2 jiangshi (Depths:4)
  9 merfolk javelineers
  4 deep elf high priests
  A spectral quicksilver dragon (Zot:1)
  An entropy weaver (shapeshifter) (D:14)
  7 ragged hierophants (Desolation)
  A spriggan zombie (Depths:1)
  4 entropy weavers
  5 hydras
  Harold (Lair:2)
  6 servants of whispers (Desolation)
  9 great orbs of eyes
  9 ice dragons
  A hell beast (Zot:5)
  3 spriggan air magi
  5 ogre magi
  2 radroaches (Spider:3)
  30 vault guards
  2 jorogumos
  A satyr (Shoals:3)
  2 alligator snapping turtles
  3 merfolk avatars
  7 rakshasas
  4 ironbound frosthearts
  8 peacekeepers
  12 centaur warriors
  A naga warrior (Abyss:3)
  A spectral draconian (Zot:1)
  8 merfolk aquamancers
  22 two-headed ogres
  26 dancing weapons
  3 deep troll shamans
  10 boulder beetles
  A titan zombie (Abyss:1)
  5 tengu warriors
  15 thrashing horrors
  8 deep troll earth magi
  Urug (Orc:2)
  5 hell hogs (Abyss:3)
  2 orc high priests
  4 demonic crawlers (Spider:1)
  5 occultists
  3 vampire magi
  11 wretched stars
  7 hell knights
  6 spriggan berserkers
  3 sun demons
  12 deep elf knights
  4 pharaoh ants
  A spectral purple draconian (Zot:1)
  6 spatial maelstroms
  A skyshark (Lair:2)
  A golden dragon zombie (Depths:1)
  4 sixfirhies
  4 skeletal warriors (D:14)
  3 iron trolls
  A bunyip zombie (Abyss:3)
  A shadow wraith (Abyss:6)
  5 sea snakes
  A spark wasp zombie (Depths:1)
  7 flayed ghosts
  A sun moth (Spider:4)
  3 glowing orange brains
  7 arcanists
  An orange crystal statue (IceCv)
  An anaconda zombie (Abyss:1)
  2 swamp dragons (D:15)
  12 orb spiders
  11 lindwurms
  7 deep elf archers
  13 harpies
  30 deep trolls
  26 deep elf pyromancers
  13 necromancers
  22 ironbound convokers
  A golden dragon skeleton (Depths:1)
  14 orc knights
  7 phantasmal warriors
  28 deep elf zephyrmancers
  Pikel (D:4)
  6 steelbarb worms
  36 large abominations
  40 ugly things
  9 worldbinders
  2 orc sorcerers (Vaults:3)
  4 shining eyes
  21 wolf spiders
  7 fauns
  12 cyclopes
  8 merfolk sirens
  37 moths of wrath
  19 manticores
  3 elephants (Lair:4)
  2 black mambas
  A molten gargoyle (Vaults:3)
  A black mamba (shapeshifter) (Lair:5)
  4 apocalypse crabs
  A fire giant skeleton (Depths:1)
  16 vault sentinels
  2 torpor snails
  2 guardian serpents
  A kobold blastminer (Orc:2)
  2 eyes of devastation (Slime:5)
  5 cane toads
  10 smoke demons
  A naga mage (Abyss:3)
  9 water nymphs
  An unseen horror (shapeshifter) (Lair:5)
  4 gargoyles
  2 kobold demonologists
  7 storm dragon simulacra (IceCv)
  2 unseen horrors
  2 rime drakes
  An orange demon (Abyss:3)
  7 komodo dragons
  A freezing wraith (Abyss:4)
  7 tengu conjurers
  27 yaktaurs
  A tormentor (Abyss:7)
  8 golden dragon simulacra
  A guardian mummy (Depths:2)
  14 ancient zymes
  10 trolls
  24 merfolk
  3 spectral moths of wrath (Zot:1)
  A queen bee (shapeshifter) (Abyss:4)
  2 hellwings
  8 nameless horrors
  50 starcursed masses
  22 tarantellas
  Grinder (D:5)
  49 saltlings
  9 wind drakes
  9 snapping turtles
  A raiju (shapeshifter) (Depths:3)
  23 raiju
  2 hornets
  4 glass eyes
  10 dream sheep
  55 blink frogs
  91 slime creatures
  A draconian simulacrum (Zot:1)
  14 jumping spiders
  5 shadows
  4 ynoxinuls
  8 air elementals
  2 spriggan skeletons
  27 culicivoras
  33 water elementals
  6 wyverns
  50 yaks
  4 spriggans
  2 wraiths
  4 basilisks
  17 golden eyes
  5 wargs
  A redback (shapeshifter) (Vaults:5)
  A warg (shapeshifter) (Spider:1)
  3 fire elementals (D:14)
  6 neqoxecs
  57 redbacks
  15 vampire mosquitoes
  A yellow draconian simulacrum (Zot:1)
  5 chaos spawn
  5 hogs (D:14)
  A black draconian simulacrum (Zot:1)
  A naga (Abyss:3)
  A harpy simulacrum (Abyss:3)
  8 spatial vortices
  Menkaure (D:4)
  4 acid dragons
  8 hell hounds
  9 water moccasins
  18 orc warriors
  2 moth of wrath simulacra (Zot:1)
  22 laughing skulls
  2 ice beasts
  A sky beast (shapeshifter) (Abyss:4)
  3 black bears
  A black bear (shapeshifter) (Vaults:5)
  3 ice dragon simulacra (IceCv)
  26 ogres
  17 wolves
  4 centaurs
  2 weeping skulls
  A lemure (D:4)
  3 phantoms
  5 elf zombies (Elf:1)
  4 brain worms
  3 kobold brigands
  8 bullfrogs
  A gnoll sergeant (D:10)
  A glowing shapeshifter simulacrum (Depths:1)
  27 small abominations
  9 scorpions
  2 earth elementals
  6 wights
  4 lindwurm simulacra (IceCv)
  8 killer bees
  4 howler monkeys
  A bombardier beetle (D:6)
  2 quasits
  4 hounds
  3 iron imps
  15 orc priests
  Terence (D:2)
  5 iguanas
  Natasha (thrice) (D:4)
  19 orc wizards
  6 hell rats (Lair:3)
  14 gnolls
  4 adders
  2 shadow imps
  7 white imps
  8 ufetubi
  A ribbon worm (Lair:3)
  44 orcs
  An endoplasm (D:4)
  4 giant cockroaches
  8 goblins
  5 hobgoblins
  3 jackals (D:4)
  A quokka (D:5)
  2 ball pythons
  A frilled lizard (D:1)
  21 kobolds
  A rat (D:1)
  3 lurking horrors
  18 starspawn tentacles
2572 creatures vanquished.

Vanquished Creatures (others)
  A lich (Abyss:7)
  A deep elf master archer (Elf:3)
  12 eldritch tentacles
  A deep elf sorcerer (Elf:3)
  2 draconian knights
  An ironbound preserver (Vaults:5)
  A vampire knight (Depths:3)
  An entropy weaver (Vaults:2)
  A demonic crawler (Spider:1)
  A dancing weapon (Elf:2)
  2 deep elf knights
  A large abomination (Abyss:3)
  A deep elf archer (Elf:2)
  A deep elf pyromancer (D:14)
  A moth of wrath (Zot:2)
  2 yaktaurs
  A tarantella (Spider:1)
  A raiju (Abyss:3)
  A jumping spider (Spider:1)
  A culicivora (Spider:1)
  A ynoxinul (Abyss:3)
  2 redbacks (Spider:1)
  3 neqoxecs
  A chaos spawn (Abyss:3)
  A black bear (D:6)
  59 knights
  An ancestor (D:7)
  A white imp (Abyss:3)
  An ufetubus (Abyss:3)
  3 blazeheart cores
  2 lurking horrors
  10 spectral weapons
  54 starspawn tentacles
173 creatures vanquished.

Grand Total: 2882 creatures vanquished

Notes
Turn   | Place    | Note
-------+----------+-------------------------------------------
     0 | D:1      | ChadusMaximus the Barachi Summoner began the quest for the
                  | Orb.
     0 | D:1      | Reached XP level 1. HP: 13/13 MP: 3/3
   291 | D:1      | Reached skill level 5 in Summonings
   291 | D:1      | Reached XP level 2. HP: 19/19 MP: 5/5
   902 | D:2      | Noticed Terence
  1023 | D:2      | Found a faded altar of an unknown god.
  1416 | D:2      | Noticed Robin
  1425 | D:2      | Reached XP level 3. HP: 24/24 MP: 4/7
  1495 | D:2      | Killed Robin
  1569 | D:2      | Learned a level 3 spell: Call Canine Familiar
  1572 | D:2      | Learned a level 2 spell: Call Imp
  1698 | D:2      | Killed Terence
  1699 | D:2      | Reached XP level 4. HP: 30/30 MP: 1/8
  2364 | D:3      | Reached XP level 5. HP: 29/35 MP: 3/10
  2852 | D:3      | Learned a level 4 spell: Summon Lightning Spire
  3259 | D:4      | Reached XP level 6. HP: 41/41 MP: 0/11
  3306 | D:4      | Noticed a black bear
  3315 | D:4      | Killed a black bear
  3536 | D:4      | Noticed Menkaure
  3569 | D:4      | Killed Menkaure
  3570 | D:4      | Reached skill level 5 in Dodging
  3570 | D:4      | Reached XP level 7. HP: 14/46 MP: 3/14
  3693 | D:4      | Noticed Natasha
  3701 | D:4      | Killed Natasha
  3918 | D:4      | Reached skill level 5 in Spellcasting
  3996 | D:4      | Noticed Natasha
  4005 | D:4      | Killed Natasha
  4052 | D:4      | You fall into a shaft and drop 3 floors!
  4068 | D:6      | Found a staircase to the Ecumenical Temple.
  4094 | Temple   | Entered the Ecumenical Temple
  4108 | Temple   | Became a worshipper of Hepliaklqana the Forgotten
  4236 | D:5      | Entered Level 5 of the Dungeon
  4256 | D:5      | Reached XP level 8. HP: 10/52 MP: 2/16
  4263 | D:6      | HP: 2/52 [poisoned by a kobold brigand]
  5074 | D:6      | Identified the +3 hand axe "Embalmer" {venom, *Rage rPois
                  | Will+++ Stlth+}
  5339 | D:6      | Identified the +0 pair of boots of the Moon {Will+ Regen+
                  | Str+2 Slay+2}
  5793 | D:5      | Reached XP level 9. HP: 57/57 MP: 12/19
  5801 | D:5      | Learned a level 4 spell: Martyr's Knell
  5806 | D:5      | Learned a level 4 spell: Summon Blazeheart Golem
  5816 | D:5      | Noticed Grinder
  5834 | D:5      | Killed Grinder
  5890 | D:5      | Reached * piety under Hepliaklqana
  6003 | D:5      | Found a blossoming altar of Fedhas.
  6524 | D:4      | Noticed Pikel
  6533 | D:4      | Killed Pikel
  6914 | D:4      | Noticed Natasha
  6924 | D:4      | Killed Natasha
  7671 | D:7      | Found a transporter.
  7690 | D:7      | Found a broken altar of Ashenzari.
  7746 | D:7      | Reached skill level 10 in Summonings
  8223 | D:7      | Found a transporter.
  8615 | D:8      | Reached XP level 10. HP: 56/56 MP: 14/22
  8782 | D:8      | Reached ** piety under Hepliaklqana
  8783 | D:8      | Remembered your ancestor Publius as a knight
  9653 | D:9      | Found a staircase to the Orcish Mines.
  9691 | D:9      | Noticed a kobold demonologist
  9715 | D:9      | Killed a kobold demonologist
  9751 | D:9      | Reached skill level 10 in Dodging
 10115 | D:9      | Found a staircase to the Lair.
 10131 | D:9      | Noticed an orange crystal statue
 10371 | D:10     | Entered Level 10 of the Dungeon
 10614 | D:10     | Reached skill level 1 in Fighting
 10784 | D:10     | Reached XP level 11. HP: 66/66 MP: 24/24
 10833 | D:10     | Learned a level 3 spell: Summon Ice Beast
 10860 | D:10     | Reached skill level 1 in Shields
 10932 | D:10     | Reached *** piety under Hepliaklqana
 10979 | D:10     | Reached skill level 10 in Spellcasting
 11079 | D:10     | Noticed a two-headed ogre
 11089 | D:10     | Killed a two-headed ogre
 11502 | D:10     | Reached skill level 5 in Fighting
 11866 | D:10     | Noticed a centaur warrior
 11882 | D:10     | Killed a centaur warrior
 11964 | D:10     | Noticed a five-headed hydra
 11983 | D:10     | Killed a five-headed hydra
 12237 | Lair:1   | Entered Level 1 of the Lair of Beasts
 12307 | Lair:1   | Reached skill level 5 in Shields
 12307 | Lair:1   | Reached XP level 12. HP: 37/80 MP: 21/26
 12847 | Lair:1   | Learned a level 7 spell: Monstrous Menagerie
 13960 | Lair:2   | Noticed a seven-headed hydra
 14266 | Lair:2   | Reached **** piety under Hepliaklqana
 14467 | Lair:2   | Noticed a skyshark
 14475 | Lair:2   | Killed a skyshark
 14644 | Lair:2   | Killed a seven-headed hydra
 15040 | Lair:2   | Gained mutation: You can hop long distances. [Barachi
                  | growth]
 15040 | Lair:2   | Reached XP level 13. HP: 90/90 MP: 13/29
 15198 | Lair:2   | Noticed Harold
 15204 | Lair:2   | Killed Harold
 15889 | Lair:3   | Got the Octavo of Assembling and Hypothermia
 16031 | Lair:3   | Reached ***** piety under Hepliaklqana
 16048 | Lair:3   | Found a hole to the Spider Nest.
 16106 | Lair:3   | Reached skill level 15 in Summonings
 16243 | Lair:3   | Found a shadowy altar of Dithmenos.
 16435 | Lair:3   | Found a staircase to the Shoals.
 16456 | Lair:3   | Reached skill level 10 in Fighting
 17384 | Lair:4   | Found a runed translucent gate.
 17384 | Lair:4   | Found a runed translucent gate.
 17384 | Lair:4   | Found a runed translucent gate.
 17384 | Lair:4   | Noticed an azure jelly
 17384 | Lair:4   | Noticed an azure jelly
 17384 | Lair:4   | Noticed an azure jelly
 17384 | Lair:4   | Noticed an acid blob
 17384 | Lair:4   | Noticed an acid blob
 17385 | Lair:4   | Found a viscous altar of Jiyva.
 17385 | Lair:4   | Noticed Odimp's ghost (journeyman KoWn)
 17385 | Lair:4   | Noticed an acid blob
 17385 | Lair:4   | Noticed an acid blob
 17385 | Lair:4   | Noticed an acid blob
 17385 | Lair:4   | Noticed an azure jelly
 17386 | Lair:4   | Noticed an acid blob
 17685 | Lair:4   | Found an ancient bone altar of Kikubaaqudgha.
 18875 | Lair:5   | Entered Level 5 of the Lair of Beasts
 19040 | Lair:5   | Noticed Nessos
 19049 | Lair:5   | Killed Nessos
 19058 | Lair:5   | HP: 4/94 [blink frog (15)]
 20052 | Lair:5   | Reached XP level 14. HP: 99/99 MP: 9/31
 20322 | Lair:5   | Reached skill level 10 in Shields
 21543 | Lair:5   | Found a corrupted altar of Lugonu.
 21543 | Lair:5   | Found a one-way gate to the infinite horrors of the Abyss.
 21861 | Lair:5   | Found a viscous altar of Jiyva.
 21862 | Lair:5   | Found a staircase to the Slime Pits.
 21949 | Lair:5   | Learned a level 8 spell: Summon Horrible Things
 22095 | Orc:1    | Entered Level 1 of the Orcish Mines
 22344 | Orc:2    | Entered Level 2 of the Orcish Mines
 22344 | Orc:2    | Noticed Urug
 22352 | Orc:2    | Killed Urug
 22491 | Orc:2    | Found a staircase to the Elven Halls.
 22504 | Orc:2    | Found Pehos's Distillery.
 22504 | Orc:2    | Found Migadonk's Antique Weapon Shoppe.
 22514 | Orc:2    | Noticed Rupert
 22787 | Orc:2    | Reached XP level 15. HP: 75/105 MP: 3/33
 22834 | Orc:2    | Reached skill level 15 in Spellcasting
 22834 | Orc:2    | Killed Rupert
 23108 | Orc:2    | Found Xeecw's Magic Scroll Shop.
 23120 | Orc:2    | Bought a scroll of identify for 30 gold pieces
 23120 | Orc:2    | Bought a scroll of fear for 60 gold pieces
 23120 | Orc:2    | Bought a scroll of identify for 30 gold pieces
 23120 | Orc:2    | Bought a scroll of acquirement for 780 gold pieces
 23120 | Orc:2    | Bought a scroll of blinking for 112 gold pieces
 23120 | Orc:2    | Bought a scroll of amnesia for 60 gold pieces
 23137 | Orc:2    | Acquired 559 gold pieces
 23174 | Orc:2    | Reached ****** piety under Hepliaklqana
 23211 | Orc:2    | Noticed Donald
 23216 | Orc:2    | Killed Donald
 23282 | Orc:2    | Found Deiruxot's Book Emporium.
 23282 | Orc:2    | Found Cahuigae's Distillery.
 23865 | Orc:1    | Noticed an orc warlord
 23882 | Orc:1    | Killed an orc warlord
 24227 | Orc:2    | Bought a manual of Invocations for 880 gold pieces
 24230 | Orc:2    | Bought a potion of mutation for 104 gold pieces
 24230 | Orc:2    | Bought a potion of curing for 39 gold pieces
 24230 | Orc:2    | Bought a potion of magic for 104 gold pieces
 25747 | D:12     | Identified the +2 trident of Honour {spect, rPois MP+9}
 26005 | D:12     | Found a shimmering blue altar of Sif Muna.
 27006 | D:13     | Found a gate to the Vaults.
 27155 | D:14     | Noticed Azrael
 27168 | D:14     | Killed Azrael
 27245 | D:14     | Reached XP level 16. HP: 101/111 MP: 24/36
 27246 | D:14     | Noticed Snorg
 27250 | D:14     | Killed Snorg
 27773 | D:14     | Noticed Kirke
 27776 | D:14     | Noticed a sphinx
 27796 | D:14     | Killed Kirke
 28179 | D:15     | Entered Level 15 of the Dungeon
 28859 | D:15     | Found a staircase to the Depths.
 29715 | Elf:1    | Entered Level 1 of the Elven Halls
 29739 | Elf:1    | Noticed Agnes
 29742 | Elf:1    | Killed Agnes
 29879 | Elf:1    | Paralysed by an air elemental for 1 turns
 30364 | Elf:1    | Got Kikubaaqudgha's Reference Book on the Graveyard
 31102 | Shoals:1 | Entered Level 1 of the Shoals
 31134 | Shoals:1 | Identified the serpent talisman of Kafuek Oxyn {rF+ rC+
                  | Int-3}
 31134 | Shoals:1 | Noticed Aizul
 31141 | Shoals:1 | Killed Aizul
 31681 | Shoals:1 | Reached XP level 17. HP: 123/123 MP: 37/37
 32174 | Shoals:2 | Found a glacial archway.
 32222 | IceCv    | Entered an ice cave
 32723 | IceCv    | Identified the +0 pair of gloves of Ubluewka {rElec rPois
                  | Str+3 Stlth+}
 33223 | IceCv    | Identified the ring "Ahe Fugo" {rF- rC+ rN+ Stlth+}
 34651 | Shoals:3 | Reached skill level 15 in Fighting
 35285 | Shoals:4 | Entered Level 4 of the Shoals
 35315 | Shoals:4 | Found a shimmering blue altar of Sif Muna.
 35804 | Shoals:4 | Paralysed by an air elemental for 1 turns
 35806 | Shoals:4 | Paralysed by an air elemental for 1 turns
 36483 | Shoals:4 | Identified the +9 shortbow of Zygoq {heavy, ^Contam rF++
                  | SInv}
 36483 | Shoals:4 | Identified the +0 plate armour of the Lonely Thickets
                  | {rElec rF++ Str+3 Dex+2}
 36532 | Shoals:4 | Reached XP level 18. HP: 54/136 MP: 8/38
 37043 | Shoals:4 | Paralysed by an air elemental for 1 turns
 37058 | Shoals:4 | Reached skill level 1 in Invocations
 37064 | Shoals:4 | Paralysed by an air elemental for 1 turns
 37212 | Shoals:4 | Identified the +3 trident "Himaxoute" {freeze, rC+}
 37518 | Shoals:4 | Paralysed by an air elemental for 1 turns
 37712 | Shoals:4 | Identified the staff "Jow Gone" {rC+ Int+2 Ice}
 37714 | Shoals:4 | Got a barnacled rune of Zot
 38163 | Spider:1 | Entered Level 1 of the Spider Nest
 38181 | Spider:1 | Noticed Jorgrun
 38181 | Spider:1 | Identified the +0 pair of gloves of Somewhere Else {Str+2}
 38181 | Spider:1 | Noticed Nikola
 38185 | Spider:1 | Identified the +4 scale mail "Soher" {Will+}
 38189 | Spider:1 | HP: 3/139 [constriction (17)]
 38209 | Spider:1 | Killed Nikola
 38209 | Spider:1 | Killed Jorgrun
 39993 | Spider:2 | Reached skill level 5 in Invocations
 42178 | Spider:3 | Reached XP level 19. HP: 108/147 MP: 3/39
 42636 | Spider:4 | Entered Level 4 of the Spider Nest
 42957 | Spider:4 | Noticed Arachne
 42967 | Spider:4 | Killed Arachne
 43199 | Spider:4 | Noticed Louise
 43211 | Spider:4 | Killed Louise
 43858 | Spider:4 | Reached skill level 15 in Shields
 44233 | Spider:4 | Got a gossamer rune of Zot
 44579 | Vaults:1 | Entered Level 1 of the Vaults
 45166 | Vaults:1 | Found Vaqepn's Magic Scroll Emporium.
 45236 | Vaults:1 | Bought a scroll of identify for 36 gold pieces
 45236 | Vaults:1 | Bought a scroll of teleportation for 54 gold pieces
 45236 | Vaults:1 | Bought a scroll of teleportation for 54 gold pieces
 45236 | Vaults:1 | Bought a scroll of fear for 72 gold pieces
 45236 | Vaults:1 | Bought a scroll of blinking for 135 gold pieces
 45236 | Vaults:1 | Bought a scroll of amnesia for 72 gold pieces
 45236 | Vaults:1 | Bought a scroll of teleportation for 54 gold pieces
 46997 | Vaults:2 | Reached XP level 20. HP: 147/158 MP: 36/41
 47153 | Vaults:2 | Reached skill level 10 in Invocations
 47405 | Vaults:2 | Noticed a bone dragon
 47422 | Vaults:2 | Killed a bone dragon
 48094 | Vaults:2 | You are sucked into a shaft and drop 2 floors!
 48339 | Vaults:3 | Found a crumbling gateway.
 48375 | Desolati | Entered the Desolation of Salt
 48532 | Desolati | Identified the +3 arbalest "Mecui" {heavy, Int+3}
 48565 | Desolati | Identified the ring of Suqah {*Slow rF+ rCorr Str+4 Int+4}
 49067 | Desolati | Identified the amulet "Nagaggoix" {Reflect rN+ Will+ Dex+6
                  | SH+5}
 49079 | Desolati | Identified the +2 mace of Due Proportion {antimagic, Str+2}
 49252 | Desolati | Identified the +5 scale mail of Gallantry {Dex+3}
 49255 | Desolati | Identified the +6 chain mail of Taytuss {+Blink rF++ Dex-3}
 49871 | Vaults:3 | Noticed Bai Suzhen
 49886 | Vaults:3 | Killed Bai Suzhen
 50019 | Vaults:3 | Reached XP level 21. HP: 167/167 MP: 39/43
 50173 | Vaults:3 | Identified the orb "Rapleseq" {light, Fire}
 50173 | Vaults:3 | Noticed Frederick
 50197 | Vaults:3 | Killed Frederick
 50365 | Vaults:3 | Noticed Saint Roka
 50387 | Vaults:3 | Killed Saint Roka
 51423 | Vaults:2 | Found a staircase to the Crypt.
 53414 | Vaults:4 | Found Paephios's Antique Armour Shoppe.
 53424 | Vaults:4 | Bought an ichor-stained cloak for 294 gold pieces
 53424 | Vaults:4 | Identified the +1 cloak "Ajevosir" {Rampage Fly rN+} (You
                  | bought it in a shop on level 4 of the Vaults)
 54015 | Depths:1 | Entered Level 1 of the Depths
 54142 | Depths:1 | Noticed a golden dragon
 54149 | Depths:1 | Killed a golden dragon
 54896 | Depths:1 | Noticed a juggernaut
 54920 | Depths:1 | Killed a juggernaut
 55100 | Depths:1 | Found a gateway to Hell.
 55100 | Depths:1 | Noticed a caustic shrike
 55106 | Depths:1 | Killed a caustic shrike
 55117 | Depths:1 | Reached XP level 22. HP: 146/185 MP: 45/45
 57749 | Depths:2 | Found a one-way gate leading to the halls of Pandemonium.
 57988 | Depths:2 | Found a one-way gateway to a ziggurat.
 58648 | Depths:2 | Found a portal to a secret trove of treasure.
 59027 | Depths:3 | Noticed Margery
 59589 | Depths:3 | Noticed a caustic shrike
 59592 | Depths:3 | Killed a caustic shrike
 60050 | Depths:3 | Killed Margery
 60056 | Depths:3 | Reached XP level 23. HP: 131/196 MP: 33/47
 60291 | Depths:3 | Found a broken altar of Ashenzari.
 60834 | Depths:3 | Reached skill level 27 in Fighting
 61337 | Depths:3 | Noticed a caustic shrike
 61349 | Depths:3 | Killed a caustic shrike
 61744 | Depths:3 | Identified the +2 robe of Loil {SInv}
 61773 | Depths:3 | Noticed a caustic shrike
 61778 | Depths:3 | Identified the +4 scimitar of Punishment {protect, rPois
                  | rCorr Str+3 Int-2}
 61782 | Depths:3 | Identified the ring "Ackick" {Wiz rF+}
 61789 | Depths:3 | Killed a caustic shrike
 61884 | Depths:3 | Learned a level 5 spell: Summon Mana Viper
 63973 | Depths:4 | Entered Level 4 of the Depths
 63987 | Depths:4 | Noticed a caustic shrike
 63993 | Depths:4 | Noticed a caustic shrike
 63994 | Depths:4 | Noticed a caustic shrike
 64003 | Depths:4 | Killed a caustic shrike
 64158 | Depths:4 | Killed a caustic shrike
 64240 | Depths:4 | Killed a caustic shrike
 64337 | Depths:4 | Found Wofiro's Armour Shoppe.
 64560 | Depths:4 | Noticed a golden dragon
 65193 | Depths:4 | Reached skill level 1 in Armour
 65196 | Depths:4 | Killed a golden dragon
 65685 | Depths:4 | Reached skill level 15 in Dodging
 66181 | Depths:4 | Found a gate to the Realm of Zot.
 67539 | Elf:2    | Reached XP level 24. HP: 182/204 MP: 32/48
 68094 | Elf:2    | Found a runed translucent gate.
 68094 | Elf:2    | Found a runed translucent gate.
 68094 | Elf:2    | Found a runed translucent gate.
 68569 | Elf:2    | Reached skill level 5 in Armour
 69359 | Elf:3    | Entered Level 3 of the Elven Halls
 69835 | Elf:3    | Paralysed by an air elemental for 1 turns
 70172 | Elf:3    | Identified the +7 short sword "Juvemmel" {spect, *Corrode
                  | rPois SInv}
 70296 | Elf:3    | Identified the +5 battleaxe "Laakh" {flame, rF++ Int+3
                  | Dex-5}
 70378 | Elf:3    | Identified the +5 arbalest "Lioph" {penet, ^Fragile rPois
                  | Int+6}
 70378 | Elf:3    | Identified the ring "Dylosaas" {rPois rC+ Dex+2}
 70695 | Elf:3    | Got the Directory of the Iceberg and Execration
 70717 | Elf:3    | Learned a level 9 spell: Dragon's Call
 70721 | Elf:3    | Identified the +2 rapier "Mierphog" {heavy, ^Contam MP+9
                  | SInv}
 70764 | Elf:3    | Identified the amulet "Hauwocij" {Acrobat *Corrode Dex+2
                  | Stlth+}
 70778 | Elf:3    | Got Qovo's Elucidation of Leaden Obstruction
 71444 | Vaults:5 | Entered Level 5 of the Vaults
 71444 | Vaults:5 | Noticed a dread lich
 71505 | Vaults:5 | Identified the +6 fire dragon scales of the Gastropod {rF++
                  | rC- Str+4}
 71581 | Vaults:5 | Noticed Boris
 71590 | Vaults:5 | Killed Boris
 71956 | Vaults:5 | Reached XP level 25. HP: 193/210 MP: 16/49
 71971 | Vaults:5 | Reached skill level 27 in Summonings
 72163 | Vaults:5 | Identified the staff "Gamol" {+Blink rElec rF+ Air}
 72439 | Vaults:5 | Got the Omnibus of Spelunking and Calefaction
 72452 | Vaults:5 | Learned a level 7 spell: Malign Gateway
 72561 | Vaults:5 | Identified the +1 shortbow "Esifebb" {drain, rPois Dex+6}
 72602 | Vaults:5 | Noticed an ancient lich
 72606 | Vaults:5 | Identified the +0 chain mail "Teomufez" {rPois Int-5 SInv
                  | Stlth+}
 72606 | Vaults:5 | Killed a dread lich
 72607 | Vaults:5 | Killed an ancient lich
 72655 | Vaults:5 | Got a silver rune of Zot
 72713 | Vaults:5 | Identified the +3 leather armour of Untold Secrets {Regen+}
 73105 | Vaults:5 | Got the Octavo of White Relocation
 73175 | Vaults:5 | Gained mutation: Your magical capacity is low. (-10% MP)
                  | [potion of mutation]
 73175 | Vaults:5 | Gained mutation: You are somewhat resistant to further
                  | mutation. [potion of mutation]
 73175 | Vaults:5 | Gained mutation: You occasionally lose the ability to drink
                  | potions when taking damage. [potion of mutation]
 73176 | Vaults:5 | Lost mutation: You occasionally lose the ability to drink
                  | potions when taking damage. [potion of mutation]
 73176 | Vaults:5 | Lost mutation: Your magical capacity is low. (-10% MP)
                  | [potion of mutation]
 73176 | Vaults:5 | Gained mutation: You possess an exceptional clarity of
                  | mind. [potion of mutation]
 73270 | Vaults:5 | Identified the dragon-blood talisman "Reophih" {rC++ Str-3
                  | Stlth+}
 73447 | Vaults:5 | Identified the +1 dagger of Anxiety {speed, rPois}
 74126 | Slime:1  | Entered Level 1 of the Pits of Slime
 74142 | Slime:2  | Found a viscous altar of Jiyva.
 74533 | Slime:4  | Reached skill level 10 in Armour
 74976 | Slime:5  | Entered Level 5 of the Pits of Slime
 76005 | Slime:5  | Noticed the Royal Jelly
 76012 | Slime:5  | Killed the Royal Jelly
 76074 | Slime:5  | Identified the +0 sling "Kastry" {heavy, MP+9 Str+3}
 76075 | Slime:5  | Identified the +1 flail of Plog {heavy, rElec rF+}
 76092 | Slime:5  | Got a slimy rune of Zot
 76094 | Slime:5  | Identified the +1 scale mail of the Lily {rElec}
 76109 | Slime:5  | Identified the +2 glaive "Worm's Wrath" {antimagic, rElec
                  | rPois Int+2 Dex-4}
 76156 | Slime:5  | Identified the +3 flail "Penibb" {freeze, rC+ Str-4 Int+3}
 76363 | Slime:1  | Reached XP level 26. HP: 199/217 MP: 25/50
 76862 | Depths:1 | Voluntarily entered the Abyss.
 77127 | Abyss:1  | Paralysed by accursed screaming for 1 turns
 77434 | Depths:1 | Escaped the Abyss
 78285 | Depths:1 | Voluntarily entered the Abyss.
 78392 | Abyss:3  | Found a corrupted altar of Lugonu.
 78640 | Abyss:3  | Found a corrupted altar of Lugonu.
 79221 | Abyss:3  | Paralysed by accursed screaming for 1 turns
 79232 | Depths:1 | Escaped the Abyss
 79779 | Depths:1 | Voluntarily entered the Abyss.
 79779 | Abyss:3  | Found a corrupted altar of Lugonu.
 79783 | Abyss:3  | Found a corrupted altar of Lugonu.
 79791 | Abyss:4  | Found a corrupted altar of Lugonu.
 79794 | Abyss:4  | Found a corrupted altar of Lugonu.
 79794 | Abyss:4  | Paralysed by accursed screaming for 2 turns
 79800 | Abyss:4  | Paralysed by accursed screaming for 2 turns
 79928 | Depths:1 | Escaped the Abyss
 80104 | Depths:1 | Voluntarily entered the Abyss.
 80124 | Abyss:5  | Noticed a dread lich
 80143 | Abyss:5  | Killed a dread lich
 80176 | Abyss:6  | Gained mutation: Your health recovers twice as slowly from
                  | being drained. [a neqoxec]
 80178 | Abyss:6  | Gained mutation: [You occasionally lose the ability to read
                  | scrolls when taking damage.] [a neqoxec]
 80193 | Abyss:6  | Paralysed by accursed screaming for 2 turns
 80198 | Abyss:6  | Paralysed by accursed screaming for 1 turns
 80207 | Depths:1 | Escaped the Abyss
 81035 | Zot:1    | Entered Level 1 of the Realm of Zot
 81206 | Zot:1    | Reached XP level 27. HP: 212/224 MP: 39/53
 81412 | Zot:1    | Reached skill level 27 in Spellcasting
 81648 | Zot:1    | Noticed a dread lich
 81649 | Zot:1    | Found a runed translucent gate.
 81650 | Zot:1    | Noticed Heoriaro's ghost (legendary GnFi)
 81650 | Zot:1    | Found a runed translucent gate.
 81651 | Zot:1    | Found a runed translucent gate.
 81651 | Zot:1    | Noticed an ancient lich
 82038 | Zot:1    | Killed a dread lich
 82050 | Zot:1    | Killed an ancient lich
 82175 | Zot:1    | Killed Heoriaro's ghost
 82244 | Zot:1    | Identified the ring "Dadis" {rF+ MP+9 Str+6 Int+3}
 82267 | Zot:1    | Identified the +0 long sword "Ciecluics" {antimagic, rPois
                  | rCorr Str+5 Stlth-}
 82325 | Zot:2    | Identified the +3 rapier "Biam" {heavy, Str-3 Int+6 Dex+3
                  | SInv}
 82393 | Zot:2    | Found the +4 dragonskin cloak
 82393 | Zot:2    | Noticed Tiamat
 82467 | Zot:2    | Killed Tiamat
 83655 | Zot:3    | Noticed Parghit
 83672 | Zot:3    | Killed Parghit
 84572 | Zot:3    | You fall into a shaft and drop 1 floor!
 86072 | Zot:5    | Entered Level 5 of the Realm of Zot
 86235 | Zot:5    | Identified the +7 mace of the Stopping Shrike {venom, rC+
                  | Str+7}
 86955 | Zot:5    | Noticed an orb of fire
 86957 | Zot:5    | Reached skill level 15 in Armour
 86957 | Zot:5    | Noticed an orb of fire
 86959 | Zot:5    | Killed an orb of fire
 86966 | Zot:5    | Killed an orb of fire
 87234 | Zot:5    | Noticed a dread lich
 87240 | Zot:5    | Killed a dread lich
 87360 | Zot:5    | Noticed an orb of fire
 87379 | Zot:5    | Killed an orb of fire
 87521 | Zot:5    | Noticed an ancient lich
 87529 | Zot:5    | Killed an ancient lich
 88154 | Depths:1 | Voluntarily entered the Abyss.
 88226 | Abyss:6  | Paralysed by accursed screaming for 1 turns
 88243 | Abyss:7  | Entered Level 7 of the Abyss
 88392 | Abyss:7  | HP: 8/217 [neqoxec/psychic fangs (6)]
 88408 | Abyss:7  | Noticed an ancient lich
 88427 | Abyss:7  | Killed from afar by a living spell

Illustrated notes

Levels and vault maps discovered:
D:1:      doesnt_arrival_eight_statues, layout_loops_ring
D:2:      layout_loops_ring, nicolae_ecumenical_pavilion, uniq_terence,
          uniq_robin
D:3:      layout_basic, serial_aquarium, aquarium_bridge_straight
          [aquarium_subvault_bridge, aquarium_subvault_window,
          aquarium_subvault_bridge, aquarium_subvault_window],
          aquarium_window_corridor_2, aquarium_window_corner,
          aquarium_window_fake, aquarium_view_2a, aquarium_view_2f,
          aquarium_pool_1, minmay_diced_spiral
D:4:      layout_loops_cross, uniq_pikel, uniq_menkaure, uniq_natasha
D:5:      layout_basic, kennysheep_mini_moat, serial_bayou, serial_bayou_pond_d,
          serial_bayou_shore_a, serial_bayou_shore_b, serial_bayou_pond_d,
          gup_sewer_entry_spiral, uniq_grinder
D:6:      layout_basic, minmay_temple_entry_wispy, minmay_fractal_squares_5
D:7:      gammafunk_cloud_chamber, layout_rooms, mainiacjoe_overflow_brackets
D:8:      layout_basic, kennysheep_generic_room_16
D:9:      layout_rooms, lair_entry_dummy, orc_0_dummy, minivault_16
D:10:     nzn_winding_woodlands_three_and_one
          [nzn_winding_woodlands_5x15_lazy_stream,
          nzn_winding_woodlands_5x15_concentric,
          nzn_winding_woodlands_5x15_longhouse,
          nzn_winding_woodlands_center_lodge], layout_loops_ring
D:11:     layout_irregular_city, solitary_fountain
D:12:     wad_arrow_thing, layout_basic, led_sif_pool
D:13:     layout_cave_pools, david_vaults_2
D:14:     layout_layer_cave, minmay_misc_feat_hallway, uniq_snorg, uniq_kirke,
          uniq_azrael
D:15:     grunt_enter_depths_giant_problem, layout_gridville,
          skrybe_limestone_x, kennysheep_pointless_box, pond
Temple:   nicolae_temple_bog_church
Lair:1:   layout_roguey, grunt_megastairs_3
Lair:2:   layout_gridlike, uniq_harold
Lair:3:   layout_chaotic_city, elwin_shoals_entry_stream,
          nicolae_spider_entry_non_spiders, basic_altar
Lair:4:   layout_layer_cave, basic_altar, gammafunk_ghost_ooze,
          hibernation_bobbens, grunt_megastairs_2
Lair:5:   hellmonk_lair_end_abyssal_woods, layout_cave_pods,
          dpeg_slime_entry_corner, uniq_nessos
Shoals:1: nicolae_shoals_aurelia_aurita, layout_shoals, uniq_aizul
Shoals:2: layout_shoals, portal_ice_cave_entry_pillars_2
Shoals:3: layout_shoals
Shoals:4: shoals_end_hellmonk_storm_palace [storm_palace_center_circular,
          storm_palace_corner_pillars, storm_palace_corner_altar,
          storm_palace_corner_blocked, storm_palace_corner_grid], serial_shops
Spider:1: layout_spider_delve, hellmonk_deceptive_appearances, uniq_jorgrun,
          uniq_nikola
Spider:2: layout_cave_pods, hangedman_spider_tarantella_strand
Spider:3: layout_spider_delve
Spider:4: grunt_spider_rune_circles, uniq_arachne, uniq_louise
Slime:1:  layout_caves
Slime:2:  layout_caves, basic_altar
Slime:3:  layout_caves
Slime:4:  nicolae_slime_pool, layout_caves
Slime:5:  slime_pit_nicolae_royal_road_to_ruin
Orc:1:    layout_caves
Orc:2:    st_orc_ogre_mass, layout_caves, serial_shops, shop, abandoned_shop,
          nicolae_orc_lava_tube, uniq_donald, uniq_urug, uniq_rupert
Elf:1:    minmay_elf_arrival_circle, layout_loops_cross, minmay_elf_necromancy,
          uniq_agnes
Elf:2:    nicolae_elf_blades_splatter_lattice [nicolae_blade_bullseye],
          layout_geoelf_grid, serial_sigils_hangedman_carve, st_stairs_7
Elf:3:    elf_hall, layout_loops_cross
Vaults:1: vaults_standard_mumra_lines, nicolae_vaults_closet_pinwheel_1,
          hangedman_vaults_nails, nicolae_vaults_stepped_doors,
          vaults_standard_mumra_x, nicolae_vaults_closet_pinwheel_4,
          nicolae_vaults_tetromino_Z_1, nicolae_vaults_little_squares_1,
          vaults_room_stairs_pillars, ontoclasm_vaults_tryst,
          layout_vaults_omnigrid, serial_shops, shop
Vaults:2: nicolae_vaults_turnstiles, nicolae_vaults_security_offices_4,
          minmay_crypt_entry_nasty_monster, nicolae_vaults_network_square,
          v_misc_11, nicolae_vaults_circle_grid_b, v_misc_1,
          nicolae_vaults_three_branches, hangedman_vaults_capsules,
          grunt_vaults_diagonal, vaults_room_large_hall,
          vaults_dpeg_emergency_exit, layout_vaults_ring
Vaults:3: portal_desolation_entry_nicolae_nacl, hangedman_vaults_impose,
          ontoclasm_vaults_ligature, nicolae_vaults_puzzle_piece,
          nicolae_vaults_tetromino_Z_1, v_misc_12, nicolae_vaults_alarming,
          hangedman_vaults_restitches, nicolae_vaults_swerve,
          nicolae_vaults_tetromino_L_2, ontoclasm_vaults_ring_small,
          layout_vaults_omnicross, uniq_frederick, uniq_saint_roka,
          uniq_bai_suzhen
Vaults:4: vaults_room_fours, v_misc_12, nicolae_vaults_big_angled_halls,
          v_misc_14, nicolae_vaults_network_s, nicolae_vaults_steering_wheel,
          nicolae_vaults_sesquioval_fish, v_misc_13, nicolae_vaults_trapezoid_1,
          kb_rosetta, ontoclasm_vaults_bender,
          nicolae_vaults_heart-shaped_vault, ontoclasm_vaults_gateway,
          layout_vaults_omnibox, serial_shops, shop_fountains
Vaults:5: serial_shops, uniq_boris
Depths:1: minmay_swirls_squares, layout_cave_shapes,
          nicolae_abyss_entry_one_way_or_another, hell_entry,
          kennysheep_doodads, grunt_ministairs_10, st_stairs_9,
          nicolae_concentric_dashed_squares_mild, corner_web_ring
Depths:2: wad_lake_hut, layout_gridlike, enter_ziggurat_f, serial_sigils,
          serial_sigils_hangedman_confine, serial_sigils_hangedman_shear,
          serial_sigils_hangedman_writhe, serial_sigils_hangedman_snap,
          serial_sigils_hangedman_stare, pan_entry,
          nicolae_trove_entry_path_of_doom, hell_entry
Depths:3: hangedman_box_tower, layout_honeycomb, hell_entry, abyss_entry,
          evilmike_ruin_ashenzari, uniq_margery
Depths:4: evilmike_zot_entry_basic, layout_gridlike, lightli_too_deep,
          minmay_shop_star
Zot:1:    layout_basic, gammafunk_ghost_necromancy, st_stairs_14,
          regret_index_zotdec_split_disrupt
Zot:2:    layout_gridlike, regret_index_zotdec_banners, uniq_tiamat
Zot:3:    layout_misc_corridors, regret_index_zotdec_slimy_original,
          zot_minivault_1, uniq_parghit
Zot:4:    layout_gridlike, grunt_ministairs_6
Zot:5:    layout_basic
Abyss:7:  base: Zot:2, gammafunk_abyss_exit_x_factor, lemuel_flamethrower_3,
          hangedman_grunt_abyss_rune_horror_hoard, evilmike_abyss_exit_17,
          spicy_abyss_helpful_harpoons, evilmike_abyss_exit_6,
          doesnt_abyss_rune_brain_food, evilmike_abyss_exit_3,
          gammafunk_corrupted_shrine, evilmike_abyss_rune_elephants_shrine,
          abyss_exit_lava, minivault_11, nicolae_abyss_rune_left_handed

Skill      XL: |  1  2  3  4  5  6  7  8  9 10 11 12 13 14 15 16 17 18 19 20 21 22 23 24 25 26 27 |
---------------+----------------------------------------------------------------------------------+-----
Summonings     | 5 6 7 9 10 12 13 14 15 17 19 20 21 22 23 24 25 26 27 | 27.0
Dodging        | 3 4 5 6 7 9 10 11 13 14 15 18 | 18.2
Spellcasting   | 3 4 5 6 8 9 10 12 13 14 16 17 18 19 20 21 22 23 26 27 | 27.0
Fighting       | 2 6 9 10 13 16 18 20 21 25 26 27 | 27.0
Shields        | 5 7 9 10 11 13 14 15 19 | 19.9
Invocations    | 6 9 12 13 14 | 14.3
Armour         | 4 8 12 21 | 21.3
Stealth        | |  1.7

Action                     |  1- 3 |  4- 6 |  7- 9 | 10-12 | 13-15 | 16-18 | 19-21 | 22-24 | 25-27 || total
---------------------------+-------+-------+-------+-------+-------+-------+-------+-------+-------++-------
  Melee: Dagger            |   115 |       |       |       |       |       |       |       |       ||   115
         Scimitar          |       |       |       |    20 |    54 |       |       |       |       ||    74
         Trident           |       |       |       |       |     7 |    83 |    87 |    79 |   280 ||   536
   Fire: Sling             |    12 |    70 |   150 |    83 |       |       |       |       |       ||   315
   Cast: Summon Small Mamm |    41 |    10 |    11 |     7 |       |     4 |     5 |     7 |     2 ||    87
         Call Imp          |     2 |    11 |    24 |    33 |    13 |    14 |    19 |    15 |    14 ||   145
         Call Canine Famil |     1 |    11 |    24 |    33 |    17 |    17 |    17 |    16 |    29 ||   165
         Summon Lightning  |       |     2 |    26 |    44 |    93 |   145 |   119 |   127 |   107 ||   663
         Summon Blazeheart |       |       |     1 |    13 |     3 |     1 |       |       |       ||    18
         Martyr's Knell    |       |       |     1 |    11 |    15 |    19 |    30 |    36 |    12 ||   124
         Summon Ice Beast  |       |       |       |     7 |    15 |    54 |    41 |    41 |    22 ||   180
         Monstrous Menager |       |       |       |    12 |   120 |   207 |   193 |   138 |    54 ||   724
         Summon Horrible T |       |       |       |       |    12 |    55 |    69 |    76 |   122 ||   334
         Summon Mana Viper |       |       |       |       |       |       |       |     2 |     6 ||     8
         Dragon's Call     |       |       |       |       |       |       |       |     2 |    39 ||    41
         Malign Gateway    |       |       |       |       |       |       |       |       |    18 ||    18
 Invoke: Ancestor Life: Kn |       |       |       |     1 |       |       |       |       |       ||     1
         Recall Ancestor   |       |       |       |       |     1 |       |     3 |     5 |    20 ||    29
         Ancestor Identity |       |       |       |       |     1 |       |       |       |     1 ||     2
         Idealise          |       |       |       |       |       |     1 |     3 |     9 |    12 ||    25
Ability: Hop               |     1 |     1 |     2 |     5 |     4 |     5 |     2 |     9 |    15 ||    44
  Evoke: Wand              |       |       |       |       |       |       |       |       |     1 ||     1
    Use: Potion            |     1 |       |       |       |     1 |     6 |     1 |    10 |    38 ||    57
         Scroll            |       |       |     1 |     7 |    11 |    12 |     9 |    12 |    21 ||    73
   Stab: Sleeping          |     1 |       |       |       |     2 |       |     1 |       |     2 ||     6
         Distracted        |     1 |       |       |       |       |     1 |     5 |     6 |    10 ||    23
 Armour: Robe              |    98 |    17 |    66 |    89 |    85 |   207 |   125 |   183 |   126 ||   996
         Chain mail        |       |       |       |       |       |       |       |    32 |       ||    32
         Leather armour    |       |       |       |       |       |       |       |       |   233 ||   233
  Dodge: Dodged            |   124 |    24 |   134 |   206 |   135 |   201 |   124 |   142 |   257 ||  1347
         Repelled          |       |       |       |     2 |     4 |    11 |    11 |       |       ||    28
  Block: Buckler           |       |       |       |    31 |    36 |       |       |       |       ||    67
         Kite shield       |       |       |       |       |    25 |   185 |   130 |       |       ||   340
         Reflection        |       |       |       |       |     2 |    11 |    51 |    31 |       ||    95
         Tower shield      |       |       |       |       |       |       |    67 |   263 |   717 ||  1047
